 Dungeon Crawl Stone Soup version 0.28-a0-381-g937acc2988 (webtiles) character file.

Game seed: 12231479934039542851

65 swashedbuckles the Slasher (level 3, 0/27 HPs)
             Began as a Demonspawn Gladiator on Sept 1, 2021.
             Was a Follower of Vehumet.
             Slain by Grinder (6 damage)
             ... on level 3 of the Dungeon.
             The game lasted 00:05:51 (2178 turns).

swashedbuckles the Slasher (Demonspawn Gladiator)   Turns: 2178, Time: 00:05:51

Health: 0/27       AC:  6    Str: 21    XL:     3   Next: 94%
Magic:  3/3        EV: 12    Int: 15    God:    Vehumet [*.....]
Gold:   89         SH:  0    Dex: 14    Spells: 2/2 levels left

rFire   . . .      SeeInvis .   a - +0 long sword
rCold   . . .      Faith    .   (no shield)
rNeg    . . .      Spirit   .   p - +0 ring mail
rPois   .          Reflect  .   c - +0 helmet
rElec   .          Harm     .   (no cloak)
rCorr   .          Rampage  .   (no gloves)
Will    .....                   (no boots)
Stlth   +.........              (no amulet)
HPRegen 0.09/turn               h - +6 ring of strength
MPRegen 0.08/turn               n - +6 ring of intelligence

@: no status effects
A: spiny 2
a: Renounce Religion


You were on level 3 of the Dungeon.
You worshipped Vehumet.
Vehumet was aware of your devotion.
You visited 1 branch of the dungeon, and saw 3 of its levels.

You collected 89 gold pieces.

Inventory:

Hand Weapons
 a - a +0 long sword (weapon)
Missiles
 d - 4 throwing nets
 k - 10 poisoned darts (quivered)
Armour
 c - a +0 helmet (worn)
 p - a +0 ring mail (worn)
Jewellery
 h - a +6 ring of strength (left hand)
 n - a +6 ring of intelligence (right hand)
Scrolls
 e - a scroll of blinking
 g - a scroll of immolation {unknown}
 j - a scroll of magic mapping
 o - a scroll of amnesia
Potions
 b - 2 potions of haste {unknown}
 f - 2 potions of lignification {unknown}
 i - a potion of heal wounds {unknown}
 m - a potion of berserk rage {unknown}


   Skills:
 + Level 2.2 Fighting
 + Level 3.4 Long Blades
 + Level 2.0 Throwing
 + Level 1.0 Armour
 + Level 3.3 Dodging


You had 2 spell levels left.
You didn't know any spells.
Your spell library contained the following spells:

 Spells                   Type           Power      Damage    Failure   Level
 Shock                    Conj/Air       0%         1d3       41%         1
 Freeze                   Ice            0%         1d3       41%         1
 Static Discharge         Conj/Air       0%         N/A       56%         2
 Frozen Ramparts          Ice            0%         1d2       80%         3
 Hailstorm                Conj/Ice       0%         3d3       99%         4
 Lightning Bolt           Conj/Air       0%         1d11      100%        5
 Maxwell's Capacitive Co  Air            0%         ∞         100%        8


Dungeon Overview and Level Annotations

Branches:
Dungeon (3/15)

Altars:
Kikubaaqudgha
Vehumet

Annotations:
D:3 Grinder


Innate Abilities, Weirdness & Mutations

You are mostly covered in sharp spines.


Message History

A bat comes into view.
Found a scroll labelled BEBBEI JOAF.
A bat is nearby!
The bat barely misses you.
You slash the bat!
You kill the bat!
Vehumet accepts your kill.
g - a scroll labelled BEBBEI JOAF You now have 89 gold pieces (gained 15).
You open the door.
There is an open door here.
Found a stone staircase leading down.
There is a stone staircase leading down here.
Grinder comes into view.
Grinder shouts!
Grinder gestures at you. Pain shoots through your body!
You barely miss Grinder. Grinder gestures at you.
You suddenly lose the ability to move!
Grinder gestures at you. Pain shoots through your body!
Grinder is struck by your spines. Grinder hits you but does no damage.
You can move again.
You hit Grinder.
Grinder is lightly wounded.
Grinder misses you. x2
You closely miss Grinder.
Grinder is lightly wounded.
Grinder is struck by your spines. Grinder hits you but does no damage.
Unknown command.
You hit Grinder.
Grinder is moderately wounded.
Grinder gestures at you. Pain shoots through your body!
* * * LOW HITPOINT WARNING * * *
You barely miss Grinder.
Grinder is moderately wounded.
Grinder is struck by your spines. Grinder hits you.
You die...

### ########## #.###
.........## #... .
########..######.###....
................@5......
#########+######........
#.......# #........
#.......# #....####
#.......# #..###
#.......# #..#
#.......## #..#
#####........# #..#
.............# ..#


You could see Grinder.

Vanquished Creatures
  2 adders (D:2)
  3 dart slugs
  2 bats
  4 endoplasms
  4 giant cockroaches
  A goblin (D:2)
  2 hobgoblins
  6 kobolds
  2 quokkas (D:1)
  8 ball pythons
  2 frilled lizards (D:2)
  6 rats
42 creatures vanquished.

Notes
Turn   | Place    | Note
-------+----------+-------------------------------------------
     0 | D:1      | swashedbuckles the Demonspawn Gladiator began the quest for
                  | the Orb.
     0 | D:1      | Reached XP level 1. HP: 16/16 MP: 1/1
   534 | D:1      | Gained mutation: You are partially covered in sharp spines.
                  | [demonic ancestry]
   534 | D:1      | Reached XP level 2. HP: 22/22 MP: 2/2
  1175 | D:2      | Found a faded altar of an unknown god.
  1187 | D:2      | Became a worshipper of Vehumet
  1187 | D:2      | Reached * piety under Vehumet
  1187 | D:2      | Offered knowledge of Shock by Vehumet.
  1366 | D:2      | Found an ancient bone altar of Kikubaaqudgha.
  1412 | D:2      | Gained mutation: You are mostly covered in sharp spines.
                  | [demonic ancestry]
  1412 | D:2      | Reached XP level 3. HP: 27/27 MP: 3/3
  1456 | D:2      | Reached skill level 1 in Armour
  2168 | D:3      | Noticed Grinder
  2172 | D:3      | Paralysed by Grinder for 3 turns
  2178 | D:3      | Slain by Grinder

Illustrated notes

Levels and vault maps discovered:
D:1:      lightli_arrival_noodles, layout_loops_corners, minmay_split_cup_small
D:2:      layout_loops_ring, basic_altar,
          hellmonk_ecumenical_altar_inner_sanctum, minmay_small_reverse_x
D:3:      layout_basic, minmay_checkerbox, uniq_purgy, uniq_grinder

Skill      XL: |  1  2  3 |
---------------+----------+-----
Dodging        | 3 |  3.3
Throwing       | 2 |  2.0
Long Blades    | 3 |  3.4
Armour         | 1 |  1.0
Fighting       | |  2.2

Action                   || total
-------------------------++-------
Melee: Long sword        ||    76
  Use: Scroll            ||     5
 Stab: Sleeping          ||     1
Armor: Leather armour    ||    19
       Ring mail         ||     4
Dodge: Dodged            ||    48

Table legend: (Time is in decaauts)
 A = Elapsed time spent in this place.
 B = Non-inter-level travel time spent in this place.
 C = Inter-level travel time spent in this place.
 D = Time resting spent in this place.
 E = Time spent auto-exploring this place.
 F = Levels seen in this place.
 G = Mean time per level.
                   A        B        C        D        E       F      G
               +--------+--------+--------+--------+--------+-----+--------+
         Total |   2194 |   2194 |      0 |      0 |   1473 |   3 |  731.3 |
       Dungeon |   2194 |   2194 |      0 |      0 |   1473 |   3 |  731.3 |
               +--------+--------+--------+--------+--------+-----+--------+

Top non-repeatable levels by time:
     D:1: 1063 daAuts
     D:2: 1047 daAuts
     D:3: 83 daAuts
